Map: Emerald City LE

Players

TheEngineer - Winner!

  • Race: Protoss Protoss
  • Spawn Location: 11:00

chema - Winner!

  • Race: Zerg Zerg
  • League: Platinum
  • Spawn Location: 11:00

OpuS

  • Race: Protoss Protoss
  • League: Diamond
  • Spawn Location: 5:00

Sketchaphone

  • Race: Zerg Zerg
  • League: Gold
  • Spawn Location: 5:00

VOD

Have the link to the VOD?

Description

Time

  • Played on: Jan. 10, 2019, 8:05 p.m.
  • Length: 17:49
Show
View Real Time Build Order
Export as new Build Order

TheEngineer Protoss - Winner!

Build Orders: Carriers, Carrier Rush 

Get SALT Encoding   

  12  0:09  Probe  
  12  0:10  Pylon  
  13  0:18  Probe  
  14  0:30  Gateway  
  14  0:37  Assimilator  
  14  0:40  Probe  
  15  0:48  Assimilator  
  15  0:52  Probe  
  16  1:00  Probe  
  17  1:08  Probe  
  18  1:18  Probe  
  18  1:20  Cybernetics Core  
  19  1:29  Pylon  
  19  1:30  Probe  
  20  1:43  Probe  
  21  1:55  Probe  
  21  1:59  Stargate  
  21  2:00  Zealot  
  24  2:07  Probe  
  25  2:18  Pylon  
  25  2:19  Probe  
  26  2:37  Void Ray  
  26  2:38  Probe  
  27  2:47  Fleet Beacon  
  31  3:11  Pylon  
  31  3:27  Nexus  
  31  3:30  Pylon  
  31  3:40  Carrier  
  37  3:56  Probe  
  38  4:05  Forge  
  38  4:08  Probe  
  39  4:20  Pylon  
  39  4:22  Probe  
  40  4:34  Probe  
  40  4:36  Probe  
  41  4:44  Carrier, Photon Cannon, Probe  
  43  4:55  Probe  
  50  5:00  Protoss Air Weapons Level 1  
  50  5:07  Probe, Assimilator  
  51  5:16  Photon Cannon  
  51  5:19  Probe  
  53  5:28  Probe  
  53  5:39  Carrier  
  53  5:46  Probe  
  53  5:48  Probe  
  60  5:54  Probe  
  61  5:57  Assimilator  
  61  5:59  Pylon  
  62  6:04  Probe  
  62  6:09  Pylon  
  63  6:16  Probe  
  64  6:27  Probe  
  64  6:29  Probe  
  66  6:35  Probe  
  67  6:41  Probe  
  67  6:43  Carrier  
  67  6:45  Probe  
  67  6:46  Photon Cannon  
  74  6:53  Probe, Photon Cannon  
  76  6:57  Probe  
  77  7:05  Probe  
  78  7:09  Probe  
  78  7:11  Mothership  
  79  7:16  Nexus  
  79  7:17  Probe  
  79  7:21  Stargate  
  88  7:26  Probe  
  88  7:28  Photon Cannon  
  89  7:34  Probe, Protoss Air Weapons Level 2  
  89  7:42  Pylon  
  89  7:43  Probe  
  89  7:44  Pylon  
  91  7:55  Probe  
  92  8:08  Probe  
  92  8:29  Shield Battery  
  92  8:31  Shield Battery  
  92  8:33  Photon Cannon  
  90  8:51  Carrier x2  
  102  8:56  Stargate  
  102  8:59  Stargate  
  102  9:05  Probe  
  103  9:18  Probe  
  103  9:23  Nexus  
  103  9:24  Pylon  
  104  9:27  Pylon  
  104  9:30  Probe  
  105  9:42  Probe  
  105  9:45  Photon Cannon  
  106  9:48  Photon Cannon  
  106  9:50  Photon Cannon  
  106  9:53  Photon Cannon  
  106  9:54  Photon Cannon  
  106  9:55  Pylon  
  106  9:56  Carrier x3  
  124  10:05  Pylon  
  124  10:08  Pylon  
  124  10:10  Pylon  
  98  11:10  Carrier x2  
  106  11:27  Probe  
  107  11:34  Assimilator  
  107  11:35  Probe  
  107  11:38  Assimilator  
  96  11:45  Probe  
  91  11:57  Probe  
  91  12:01  Carrier x2  
  104  12:07  Shield Battery x2  
  92  12:14  Carrier x2  
  98  12:26  Probe  
  98  12:32  Probe  
  98  12:33  Protoss Ground Weapons Level 1  
  98  12:34  Probe  
  101  12:44  Probe x2  
  101  12:48  Twilight Council  
  101  12:50  Warp Gate  
  103  12:52  Gateway  
  103  12:53  Gateway  
  103  12:55  Gateway  
  103  12:56  Probe x2  
  105  13:00  Gateway  
  105  13:02  Gateway  
  105  13:04  Gateway, Void Ray x2  
  113  13:08  Probe  
  104  13:34  Nexus  
  104  13:36  Pylon  
  104  13:39  Pylon  
  104  13:47  Carrier x2  
  116  13:57  Shield Battery  
  116  13:58  Shield Battery  
  116  13:59  Photon Cannon  
  116  14:00  Photon Cannon  
  116  14:05  Photon Cannon  
  116  14:18  Protoss Air Weapons Level 3  
  116  14:36  Dark Shrine  
  116  14:51  Stalker x2  
  116  14:52  Stalker x3  
  126  15:28  Protoss Shields Level 1  
  126  15:42  Nexus  
  126  15:57  Dark Templar x2  
  126  15:58  Dark Templar x3  
  126  15:59  Dark Templar x2  
  121  16:43  Carrier x2  
  131  16:59  Nexus  
  131  17:01  Pylon  
  129  17:03  Pylon  
  129  17:39  Dark Templar x3  
  129  17:40  Dark Templar x3  
  142  17:48  Photon Cannon  
Show
View Real Time Build Order
Export as new Build Order

chema Zerg - Winner!

Build Orders: Pool First 

Get SALT Encoding   

  12  0:06  Drone  
  13  0:16  Drone  
  14  0:28  Spawning Pool  
  13  0:30  Drone  
  14  0:48  Overlord  
  14  1:15  Zergling x6  
  17  1:25  Hatchery  
  16  1:32  Drone  
  17  1:52  Drone x2  
  19  1:55  Queen  
  21  2:02  Extractor  
  21  2:03  Drone  
  21  2:12  Drone  
  22  3:00  Queen  
  22  3:01  Drone x3  
  22  3:02  Drone  
  28  3:07  Overlord x2  
  28  3:08  Overlord x2  
  28  3:22  Spine Crawler  
  28  3:23  Drone  
  28  3:24  Spine Crawler, Drone  
  28  3:30  Drone  
  28  3:31  Drone x2  
  31  3:56  Zergling x2  
  31  3:57  Metabolic Boost, Zergling x10  
  37  4:03  Baneling Nest  
  37  4:07  Zergling x2  
  37  4:11  Zergling x2  
  38  4:29  Zergling x6  
  38  4:30  Zergling x6  
  44  4:37  Zergling x8  
  48  4:52  Zergling x6  
  51  4:59  Zergling x2  
  42  5:56  Zergling x2  
  30  5:57  Zergling x24  
  40  6:22  Spore Crawler  
  40  6:24  Lair  
  39  6:28  Extractor  
  39  6:30  Drone x4  
  39  6:31  Drone x2  
  39  6:32  Drone x2  
  46  6:35  Spore Crawler  
  45  7:05  Baneling x12  
  45  7:06  Baneling x7  
  45  7:15  Extractor  
  44  7:16  Extractor  
  44  7:21  Drone x2  
  44  7:22  Drone x6  
  51  7:23  Drone x3  
  51  7:28  Drone x2  
  51  7:29  Drone  
  57  7:32  Drone  
  45  8:06  Spire  
  45  8:10  Drone x3  
  45  8:11  Overlord x2  
  45  8:12  Zergling x2  
  48  8:13  Zergling x12  
  54  8:24  Zergling x6  
  54  8:25  Zergling x4, Hatchery  
  37  9:00  Hatchery  
  37  9:02  Drone x4  
  39  9:06  Drone x2  
  39  9:07  Drone x2  
  43  9:38  Hatchery  
  42  9:49  Mutalisk  
  42  9:50  Mutalisk x7  
  58  10:06  Mutalisk  
  60  10:07  Drone  
  61  10:14  Queen  
  63  10:33  Mutalisk  
  63  10:34  Mutalisk  
  67  10:35  Overlord  
  67  10:36  Drone  
  67  10:37  Extractor  
  67  10:38  Overlord x3  
  67  10:39  Extractor  
  66  10:58  Queen  
  66  11:00  Mutalisk  
  66  11:01  Mutalisk x2  
  66  11:02  Drone x2  
  66  11:03  Drone x2  
  76  12:05  Mutalisk x7  
  76  12:07  Overlord  
  76  12:08  Drone x4  
  94  12:24  Spore Crawler  
  94  12:25  Spine Crawler  
  92  12:33  Spine Crawler  
  91  12:37  Mutalisk x5  
  91  12:39  Zergling x8  
  91  12:42  Zergling x2  
  91  12:43  Zergling x6  
  101  13:00  Baneling  
  101  13:01  Baneling x7  
  101  13:03  Baneling x2  
  101  13:06  Zergling x10  
  89  13:39  Mutalisk x6  
  89  13:40  Mutalisk x2  
  89  13:41  Zergling x12  
  106  13:47  Zerg Flyer Weapons Level 1  
  111  13:57  Overlord  
  111  13:59  Overlord  
  111  14:01  Overlord  
  111  14:02  Overlord  
  111  14:03  Centrifical Hooks  
  67  15:21  Zergling x10  
  68  15:22  Zergling x40  
  68  15:23  Zergling x8  
  96  16:07  Baneling  
  96  16:08  Baneling x11  
  96  16:09  Baneling x16  
  96  16:10  Baneling x16  
  96  16:11  Baneling x17  
  60  17:02  Mutalisk  
  60  17:03  Mutalisk x11  
  60  17:04  Mutalisk  
  60  17:05  Zergling x18  
  60  17:07  Zergling x2  
Show
View Real Time Build Order
Export as new Build Order

OpuS Protoss 

Build Orders:  

Get SALT Encoding   

  12  0:01  Probe  
  13  0:13  Probe  
  14  0:22  Pylon  
  14  0:25  Probe  
  15  0:40  Probe  
  15  0:42  Gateway  
  16  0:49  Probe  
  16  0:51  Assimilator  
  17  0:57  Probe  
  18  1:06  Probe  
  19  1:18  Probe  
  20  1:30  Probe  
  20  1:31  Cybernetics Core  
  21  1:51  Gateway  
  21  1:52  Probe, Gateway  
  21  1:54  Pylon  
  21  1:58  Assimilator  
  21  2:00  Probe  
  23  2:10  Probe  
  23  2:15  Zealot  
  24  2:24  Pylon  
  26  2:36  Adept  
  26  2:37  Adept  
  26  2:40  Warp Gate  
  29  2:53  Shield Battery  
  29  2:56  Shield Battery  
  29  3:00  Pylon  
  29  3:02  Adept  
  31  3:21  Nexus  
  31  3:27  Sentry x2  
  35  3:50  Robotics Facility  
  35  3:52  Probe  
  36  4:04  Probe  
  37  4:16  Probe  
  38  4:26  Twilight Council  
  38  4:28  Probe  
  38  4:31  Gateway  
  39  4:36  Probe  
  39  4:38  Observer  
  41  4:49  Probe x2  
  41  4:52  Charge  
  43  4:56  Pylon  
  43  5:01  Probe x2  
  46  5:07  Observer  
  46  5:13  Stalker x3, Probe x2  
  54  5:25  Probe x2  
  56  5:36  Zealot  
  56  5:37  Zealot x3  
  62  5:56  Probe x2  
  56  6:05  Zealot x2  
  56  6:08  Probe x2  
  60  6:20  Probe x2  
  61  6:28  Blink  
  61  6:34  Pylon  
  61  6:43  Assimilator  
  61  6:46  Assimilator  
  61  6:55  Forge  
  61  6:57  Forge  
  61  6:59  Forge  
  61  7:01  Probe x2  
  63  7:07  Stalker  
  63  7:08  Stalker x3  
  71  7:13  Probe  
  71  7:14  Probe  
  73  7:19  Protoss Ground Armor Level 1, Observer  
  73  7:21  Protoss Shields Level 1  
  74  7:24  Protoss Ground Weapons Level 1  
  74  7:25  Probe  
  74  7:26  Probe  
  76  7:37  Probe  
  76  7:38  Probe  
  78  7:57  Pylon  
  78  7:59  Pylon  
  78  8:15  Probe x2  
  78  8:16  Observer  
  78  8:18  Nexus  
  79  8:27  Probe  
  72  8:47  Stalker x4  
  58  9:03  Probe x2  
  58  9:04  Protoss Ground Weapons Level 2  
  58  9:05  Protoss Shields Level 2, Protoss Ground Armor Level 2  
  60  9:12  Gateway  
  60  9:15  Probe  
  61  9:22  Gateway  
  61  9:23  Gateway  
  61  9:25  Gateway  
  61  9:34  Probe  
  61  9:35  Probe x2  
  64  9:39  Templar Archives  
  64  9:53  Stalker x4  
  72  10:04  Probe  
  72  10:05  Probe x2  
  75  10:08  Observer  
  76  10:16  Probe  
  76  10:17  Probe  
  76  10:19  Pylon  
  76  10:20  Pylon  
  78  10:22  Stalker x2, Pylon  
  82  10:29  Observer  
  64  10:42  Stalker  
  64  10:43  Stalker x4  
  64  10:44  Stalker  
  64  10:45  Probe  
  64  10:51  Observer  
  49  11:14  Stalker  
  49  11:15  Stalker x4  
  49  11:16  Stalker  
  58  11:22  Stalker  
  56  11:48  Stalker x2  
  56  11:49  Stalker x3  
  62  12:21  Stalker x6  
  72  13:25  Stalker x4  
  72  13:26  Stalker x4  
  62  13:27  Nexus  
  60  13:48  Pylon  
  60  13:50  Pylon  
  60  13:59  Pylon  
  60  14:02  Probe x2  
  54  14:27  Stalker x6  
  54  14:28  Stalker  
  56  14:39  Stalker  
  46  14:53  High Templar x4  
  46  14:54  High Templar x3  
  59  15:04  High Templar  
  58  15:14  Archon  
  58  15:15  Archon  
  58  15:16  Archon  
  58  15:17  Archon  
  58  15:28  Stalker x3  
  60  15:31  Stalker  
  66  15:38  Nexus  
  66  15:40  Stalker  
  68  15:45  Pylon  
  50  16:36  Stalker  
  50  16:37  Stalker x2  
  50  16:38  Stalker x3  
  50  16:39  Stalker  
Show
View Real Time Build Order
Export as new Build Order

Sketchaphone Zerg 

Build Orders: Hatch First 

Get SALT Encoding   

  12  0:01  Drone  
  13  0:14  Overlord  
  13  0:22  Drone  
  13  0:25  Drone, Extractor  
  15  0:34  Drone  
  16  0:38  Drone  
  16  0:42  Extractor  
  16  0:46  Drone  
  17  1:04  Drone  
  18  1:07  Hatchery  
  17  1:17  Spawning Pool  
  16  1:27  Drone  
  16  1:29  Drone  
  18  1:39  Drone  
  19  1:40  Drone  
  20  1:52  Overlord  
  20  2:05  Queen  
  20  2:08  Metabolic Boost  
  22  2:10  Overlord  
  22  2:14  Drone  
  23  2:26  Zergling x2  
  24  2:31  Zergling x2, Drone  
  24  2:36  Spine Crawler  
  25  2:40  Drone  
  25  2:41  Queen  
  25  2:43  Drone  
  29  2:47  Drone  
  30  2:57  Drone  
  31  3:09  Hatchery  
  30  3:34  Overlord x2  
  30  3:46  Lair  
  30  3:47  Roach Warren  
  29  3:51  Drone  
  30  4:28  Roach  
  30  4:29  Roach, Drone x2  
  30  4:30  Drone  
  37  4:32  Drone  
  37  4:36  Queen  
  40  4:59  Overlord, Drone x2  
  42  5:16  Queen  
  42  5:20  Zergling x14  
  50  5:21  Roach  
  50  5:23  Spore Crawler  
  50  5:24  Hatchery  
  49  5:41  Drone  
  49  5:42  Overlord, Drone x2  
  52  5:43  Overlord  
  52  5:45  Extractor  
  52  5:49  Hydralisk Den  
  50  5:51  Evolution Chamber, Drone x2  
  50  5:53  Evolution Chamber, Extractor  
  49  6:08  Overlord, Drone x3  
  52  6:14  Drone x2  
  52  6:15  Overlord  
  52  6:16  Spore Crawler  
  53  6:24  Zerg Ground Armor Level 1  
  53  6:25  Zerg Missile Weapons Level 1  
  53  6:43  Muscular Augments  
  53  6:46  Overlord, Hydralisk x2  
  53  6:47  Hydralisk  
  55  6:49  Drone  
  60  7:13  Roach x8  
  76  7:20  Overlord  
  76  7:21  Drone x2  
  78  7:42  Hatchery  
  64  7:56  Grooved Spines  
  64  7:57  Overlord, Drone x2  
  66  8:00  Overlord  
  66  8:01  Overlord, Hydralisk  
  58  8:52  Pneumatized Carapace, Burrow  
  58  8:58  Overlord, Extractor  
  58  8:59  Zerg Missile Weapons Level 2  
  58  9:00  Zerg Ground Armor Level 2  
  57  9:07  Infestation Pit  
  48  9:26  Hydralisk x5  
  54  9:49  Hydralisk x2  
  54  9:50  Hydralisk x2  
  62  10:06  Queen  
  64  10:14  Overlord  
  64  10:18  Overseer  
  64  10:21  Zergling x2, Hydralisk  
  64  10:22  Hydralisk x5  
  64  10:24  Zergling x2  
  64  10:25  Drone x6  
  64  10:26  Drone x3  
  71  10:54  Hydralisk x2  
  71  10:55  Hydralisk x4  
  79  11:04  Hydralisk x2  
  83  11:23  Zergling x16  
  75  11:26  Hydralisk x2  
  75  11:29  Hydralisk  
  75  11:39  Drone x3  
  74  11:53  Overlord x2, Drone x2  
  69  12:13  Drone  
  69  12:14  Drone  
  69  12:15  Drone  
  84  12:18  Extractor  
  84  12:21  Extractor  
  82  12:25  Spore Crawler  
  81  12:39  Overlord, Drone  
  81  12:40  Overlord, Drone x3  
  72  13:10  Roach  
  72  13:11  Roach x7  
  86  13:15  Roach  
  86  13:19  Drone x2  
  90  13:27  Drone x2  
  92  13:32  Hydralisk  
  92  13:33  Hydralisk  
  86  13:41  Spore Crawler  
  83  13:42  Spore Crawler  
  83  13:44  Spore Crawler  
  81  13:58  Overseer  
  77  14:18  Hydralisk  
  77  14:19  Hydralisk x6  
  77  14:22  Hydralisk  
  77  14:23  Drone  
  94  14:31  Hydralisk  
  94  14:32  Hydralisk  
  96  14:42  Extractor  
  95  14:48  Hydralisk x2  
  95  14:50  Zergling x2  
  95  14:51  Zergling x12  
  102  15:16  Roach  
  102  15:17  Roach  
  102  15:18  Overlord x2  
  102  15:21  Drone x2  
  106  15:36  Hatchery  
  106  15:39  Overlord x2  
  106  15:41  Hydralisk x4  
  113  15:43  Roach  
  115  15:50  Hive  
  115  16:06  Roach x4  
  123  16:12  Zergling x12  
  123  16:13  Baneling Nest  
  110  16:34  Hydralisk x2  
  110  16:35  Hydralisk x5  
  89  16:45  Hydralisk  
  89  16:46  Hydralisk x2  
  71  17:18  Hydralisk  
  71  17:19  Hydralisk x5  
  71  17:40  Spore Crawler  
  71  17:41  Spore Crawler  
  71  17:42  Spore Crawler  
  71  17:43  Spore Crawler  
Tags
 
Add a new tag
Caveats
  • Supply blocks, unpowered buildings, or Contaminate may cause inaccurate times.
  • Supply counts are checked every 10 seconds.